 Dungeon Crawl Stone Soup version 0.22-a0-48-g8770677 (webtiles) character file.

107 gmonis the Cudgeler (level 4, -3/40 HPs)
             Began as a Minotaur Berserker on Jan 7, 2018.
             Was a Believer of Trog.
             Slain by a gnoll
             ... wielding a +0 spear
              (8 damage)
             ... on level 2 of the Dungeon.
             The game lasted 00:01:49 (1377 turns).

gmonis the Cudgeler (Minotaur Berserker)            Turns: 1377, Time: 00:01:50

Health: -3/40      AC:  3    Str: 23    XL:     4   Next: 57%
Magic:  3/3        EV: 12    Int:  4    God:    Trog [**....]
Gold:   57         SH:  0    Dex:  9    Spells: 3/3 levels left

rFire    . . .     SeeInvis .   a - +0 mace
rCold    . . .     Gourm    .   (no shield)
rNeg     . . .     Faith    .   j - +0 leather armour
rPois    .         Spirit   .   (helmet restricted)
rElec    .         Reflect  .   (no cloak)
rCorr    .         Harm     .   (no gloves)
MR       .....                  (no boots)
Stlth    +.........             d - amulet of rage
HPRegen  0.13/turn              (no ring)
MPRegen  0.08/turn              (no ring)

@: no status effects
A: retaliatory headbutt, horns 2
a: Berserk, Trog's Hand, Burn Spellbooks, Renounce Religion, Evoke Berserk Rage


You were on level 2 of the Dungeon.
You worshipped Trog.
Trog was pleased with you.
You were not hungry.

You visited 1 branch of the dungeon, and saw 2 of its levels.

You collected 57 gold pieces.

Inventory:

Hand Weapons
 a - a +0 mace (weapon)
Missiles
 g - 6 stones (quivered)
Armour
 b - a +0 animal skin
 j - a +0 leather armour (worn)
Jewellery
 d - an amulet of rage (around neck)
 k - an uncursed amulet of guardian spirit {unknown}
Wands
 n - a wand of digging (11)
Scrolls
 e - a scroll of teleportation {unknown}
 f - a scroll of amnesia {unknown}
 i - a scroll of random uselessness {unknown}
 p - a scroll of identify {unknown}
Potions
 h - a potion of heal wounds {unknown}
 l - a potion of curing {unknown}
 m - a potion of flight {unknown}
Comestibles
 c - 2 rations


   Skills:
 - Level 4.1 Fighting
 + Level 5.9 Maces & Flails
 - Level 2.8 Armour
 - Level 2.4 Dodging


You had 3 spell levels left.
You didn't know any spells.

Dungeon Overview and Level Annotations

Branches:
Dungeon (2/15)

Altars:


Innate Abilities, Weirdness & Mutations

You reflexively headbutt those who attack you in melee.
You have a pair of horns on your head.


Message History

Trog accepts your kill. The gnoll hits you with a club.
The gnoll hits you from afar with a spear.
You see here a flail.
You hit the gnoll.
The gnoll is moderately wounded.
The gnoll hits you with a club!
The gnoll hits you from afar with a spear.
All of the chunks of flesh in your inventory have rotted away.
You sock the gnoll!
The gnoll is almost dead.
The gnoll hits you with a club.
The gnoll hits you from afar with a spear!
* * * LOW HITPOINT WARNING * * *
You sock the gnoll!
You kill the gnoll!
Trog accepts your kill. The gnoll barely misses you.
The gnoll hits you with a spear!
You die...

#.......#
##.#####.####+#######
............<........
.#######.###.รท.####.
.# #.# #...#### ...##
## #.# #......# .....
#.# #.####.# # ##...
#.# #...##.#.# #...
..# ###.)@g..# #...
## #####.(# #...
..... ...## . #....#
).. . ....# .. .
...... # ##.#. ..


You could see a gnoll.

Vanquished Creatures
  Natasha (D:2)
  Terence (D:2)
  2 gnolls (D:2)
  An adder (D:2)
  A worm (D:2)
  2 leopard geckos (D:1)
  3 goblins
  A hobgoblin (D:1)
  6 jackals
  2 kobolds
  2 bats
  4 frilled lizards (D:1)
26 creatures vanquished.

Notes
Turn   | Place    | Note
-------+----------+-------------------------------------------
     0 | D:1      | gmonis the Minotaur Berserker began the quest for the Orb.
     0 | D:1      | Reached XP level 1. HP: 19/19 MP: 0/0
    39 | D:1      | You fall through a shaft!
    43 | D:2      | Noticed Terence
    51 | D:2      | Killed Terence
    51 | D:2      | Reached skill level 4 in Maces & Flails
    51 | D:2      | Reached XP level 2. HP: 19/27 MP: 1/1
    51 | D:2      | Reached XP level 3. HP: 23/33 MP: 2/2
  1071 | D:2      | Noticed Natasha
  1079 | D:2      | Killed Natasha
  1079 | D:2      | Reached ** piety under Trog
  1079 | D:2      | Reached skill level 5 in Maces & Flails
  1079 | D:2      | Reached XP level 4. HP: 24/40 MP: 3/3
  1377 | D:2      | Slain by a gnoll

Vault maps used:
D:1:      onia_arrival_mini_spirals, minmay_misc_feat_iff, hex_tiny,
          hangedman_decor_peaks_small
D:2:      makhleb_grotto_becter, grunt_temple_overflow_open,
          chequers_ecumenical_altar_twisty, minivault_24,
          minmay_randomly_rotated_circles, uniq_natasha, uniq_terence

Skill      XL: |  1  2  3 |
---------------+----------+-----
Fighting       | 4 |  4.1
Maces & Flails | 4 5 |  5.9
Armour         | |  2.8
Dodging        | |  2.4

Action                   |  1- 3 |  4- 6 || total
-------------------------+-------+-------++-------
Melee: Mace              |    42 |    15 ||    57
       Headbutt          |     5 |     3 ||     8
Invok: Berserk           |     1 |       ||     1
  Eat: Chunk             |       |     2 ||     2
Armor: Animal skin       |     7 |       ||     7
       Leather armour    |     6 |     2 ||     8
Dodge: Dodged            |    36 |    13 ||    49

Table legend:
 A = Spawn XP
 B = Non-spawn XP
 C = Spawn XP percentage of total XP
 D = Spawn monster count
 E = Non-spawn monster count
 F = Spawn count percentage of total count
 G = Total turns spent on level
                    A         B        C        D         E        F      G
               +---------+---------+-------+---------+---------+-------+---------
         Total |       0 |     154 |   0.0 |       0 |      26 |   0.0 |  1377
               +---------+---------+-------+---------+---------+-------+---------
           D:1 |       0 |      24 |   0.0 |       0 |      14 |   0.0 |   936
           D:2 |       0 |     130 |   0.0 |       0 |      12 |   0.0 |   441
               +---------+---------+-------+---------+---------+-------+---------
